 Dungeon Crawl Stone Soup version 0.31-a0-303-gdc8c9485ea (webtiles) character file.

Game seed: 8546107605629370205

4427 marky1606 the Martial Artist (level 10, -8/60 HPs)
             Began as a Demonspawn Shapeshifter on July 17, 2023.
             Was a Follower of Qazlal.
             Mangled by a red ugly thing (22 damage)
             ... on level 9 of the Dungeon.
             The game lasted 00:24:02 (8795 turns).

marky1606 the Martial Artist (DsSh)                 Turns: 8795, Time: 00:24:03

Health: -8/60      AC:  9    Str: 21    XL:     10   Next: 14%
Magic:  10/10      EV: 12    Int:  9    God:    Qazlal [*.....]
Gold:   290        SH:  2    Dex: 16    Spells: 9/9 levels left

rFire   . .          .
                       - Unarmed
rCold   . . .        (shield currently unavailable)
rNeg    + . .        l - melded +0 leather armour of Lesser Demons {Harm rElec rF+}
rPois   .            (helmet currently unavailable)
rElec   .            (cloak currently unavailable)
rCorr   .            (gloves currently unavailable)
SInv    .            (boots currently unavailable)
Will    .....        r - amulet of faith
Stlth   +            d - ring of positive energy
HPRegen 0.30/turn    j - ring of flight
MPRegen 0.12/turn

%: faith
@: snake-form, flying, unable to drink
A: constrict, reduced hp, large, foul stench 1, (sharp scales 1), demonic magic
2, (demonic touch 1), clumsy 1, inability to drink after injury 1
a: Begin Untransformation, Renounce Religion


You were on level 9 of the Dungeon.
You worshipped Qazlal.
Qazlal was aware of your devotion.
You were an enormous anaconda.
You visited 2 branches of the dungeon, and saw 10 of its levels.

You collected 462 gold pieces.
You spent 172 gold pieces at shops.

Inventory:

Armour
 a - a +0 animal skin
 l - the +0 leather armour of Lesser Demons (melded) {Harm rElec rF+}
   (You found it on level 5 of the Dungeon)

   rF:        It protects you from fire.
   rElec:     It insulates you from electricity.
   Harm:      It increases damage dealt and taken.
 q - a +1 pair of gloves
Jewellery
 d - a ring of positive energy (left hand)
 j - a ring of flight (right hand)
 r - an amulet of faith (around neck)
 t - a ring of protection from fire
 u - a ring of protection from fire
Talismans
 c - a beast talisman
 v - a serpent talisman
Wands
 e - a wand of paralysis (26)
 i - a wand of flame (13)
 m - a wand of iceblast (9)
 o - a wand of digging (3)
Scrolls
 f - a scroll of fear
 k - 6 scrolls of identify
 n - a scroll of fog
 p - 3 scrolls of teleportation
Potions
 b - a potion of lignification
 g - 3 potions of brilliance
 h - 2 potions of curing
 s - 2 potions of heal wounds
 w - a potion of degeneration {unknown}


   Skills:
 * Level 5.6 Fighting
 * Level 5.8 Dodging
 + Level 9.9 Unarmed Combat
 * Level 5.6 Shapeshifting


You had 9 spell levels left.
You didn't know any spells.
Your spell library contained the following spells:

 Spells                   Type           Power      Damage    Failure   Level
 Cigotuvi's Dreadful Rot  Necr/Pois/Air  0%         N/A       52%         2
 Poisonous Vapours        Pois/Air       0%         N/A       52%         2
 Static Discharge         Conj/Air       0%         2-2/arc   52%         2
 Mephitic Cloud           Conj/Pois/Air  0%         N/A       77%         3
 Airstrike                Air            0%         2d(0-16)  99%         4
 Dispel Undead            Necr           0%         3d6       99%         4
 Leda's Liquefaction      Hex/Erth       0%         N/A       99%         4
 Summon Lightning Spire   Summ/Air       0%         N/A       99%         4
 Freezing Cloud           Conj/Ice/Air   0%         6-21      100%        5
 Lee's Rapid Deconstruct  Erth           0%         3d4*      100%        5
 Death Channel            Necr           0%         N/A       100%        6
 Leda's Unmaking          Conj/Erth      0%         9d1       100%        6
 Simulacrum               Ice/Necr       0%         N/A       100%        6
 Ozocubu's Refrigeration  Ice            0%         4d7       100%        7
 Polar Vortex             Ice            0%         N/A       100%        9


Dungeon Overview and Level Annotations

Branches:
Dungeon (9/15)             Temple (1/1) D:7
   Lair: D:8-11         Orc: D:9-12

Altars:
Ashenzari
Cheibriados
Dithmenos
Fedhas
Gozag
Hepliaklqana
Kikubaaqudgha
Makhleb
Nemelex Xobeh
Okawaru
Qazlal
Ru
Sif Muna
Trog
Uskayaw
Vehumet
Wu Jian
Xom
Yredelemnul

Shops:
D:4 =   D:6 **(   D:7 *   D:8 (


Innate Abilities, Weirdness & Mutations

You are an enormous anaconda.
You have a powerful constriction melee attack.
Your maximum health is decreased, since you lack skill for your form.
Your armour is entirely melded.
You are incapable of wielding weapons or throwing items.
You may rarely emit foul miasma when damaged in melee.
((You are partially covered in razor-sharp scales. (AC +1, Slay +1)))
Spells you cast may paralyse nearby enemies.
((Your touch may inflict minor irresistible damage on your foes.))
You are clumsy. (Dex -2)
You occasionally lose the ability to drink potions when taking damage.


Message History

You lash the yak! You grab the yak.
The yak is severely wounded.
You constrict the yak. The yak closely misses you.
A red ugly thing comes into view.
You lash the yak!
You kill the yak!
Qazlal accepts your kill.
You hit the orc wizard but do no damage.
Your grab misses the orc wizard. The orc wizard closely misses you.
A wraith comes into view.
You lash the orc wizard! You grab the orc wizard.
The orc wizard is almost dead.
You constrict the orc wizard.
You kill the orc wizard!
Qazlal accepts your kill.
Unknown command.
You lash the wraith!
The wraith is moderately damaged.
You closely miss the wraith.
The wraith is moderately damaged.
The wraith hits you!
You hit the wraith but do no damage.
The wraith is moderately damaged.
You lash the red ugly thing! You grab the red ugly thing.
The red ugly thing is lightly wounded.
You constrict the red ugly thing. You lash the red ugly thing!
The red ugly thing is moderately wounded.
You constrict the red ugly thing. The red ugly thing misses you.
You lash the red ugly thing!
The red ugly thing is severely wounded.
You constrict the red ugly thing. The red ugly thing punches you!
You are engulfed in flames!
You feel threatened and lose the ability to drink potions!
You hit the red ugly thing but do no damage.
The red ugly thing is severely wounded.
You constrict the red ugly thing. The red ugly thing punches you!
* * * LOW HITPOINT WARNING * * *
You are engulfed in flames!!
You die...

###.............................#
# #.............................#
# #.............................#
###.........................[...#
....................##..........#
................................#
.................................
#########'########......#' #...
.........S......... #...
###.#####u#####.###. #.## #.W.#
## #.# #)###.# #T## #.# #c. #...
## #.# #... #.# #### #.# # .Y #


You could see a red ugly thing and a wraith.

Vanquished Creatures
  A troll (D:9)
  Grinder (D:3)
  Sigmund (D:2)
  A wyvern (D:9)
  A steam dragon (D:8)
  6 yaks (D:9)
  2 water moccasins
  2 black bears
  An ogre (D:4)
  4 centaurs
  A phantom (D:7)
  A bullfrog (D:8)
  2 kobold brigands (D:9)
  A scorpion (D:5)
  7 wights
  6 killer bees (D:8)
  4 howler monkeys
  2 jellies (D:4)
  An orc priest (D:7)
  2 hounds
  2 gnoll boudas
  2 sleepcaps (D:5)
  Jessica (D:2)
  Ijyb (D:3)
  6 iguanas
  4 orc wizards
  5 gnolls (D:6)
  7 adders
  A shadow imp (D:6)
  2 white imps
  An ufetubus (D:4)
  2 worms
  12 orcs
  13 endoplasms
  4 giant cockroaches
  5 goblins
  9 hobgoblins
  3 jackals (D:1)
  2 quokkas
  6 ball pythons
  5 bats
  11 frilled lizards (D:1)
  17 kobolds
  A rat (D:2)
169 creatures vanquished.

Notes
Turn   | Place    | Note
-------+----------+-------------------------------------------
     0 | D:1      | marky1606 the Demonspawn Shapeshifter began the quest for
                  | the Orb.
     0 | D:1      | Reached XP level 1. HP: 16/16 MP: 1/1
   101 | D:1      | Gained mutation: Your touch may inflict minor irresistible
                  | damage on your foes. [demonic ancestry]
   101 | D:1      | Reached XP level 2. HP: 19/22 MP: 2/2
   117 | D:1      | Reached skill level 2 in Unarmed Combat
   624 | D:1      | Reached XP level 3. HP: 27/27 MP: 3/3
   839 | D:1      | Gained mutation: You have hidden genetic defects. [potion
                  | of mutation]
   901 | D:2      | Found a faded altar of an unknown god.
   946 | D:2      | Gained mutation: You are clumsy. (Dex -2) [hidden defects]
  1146 | D:2      | Gained mutation: You occasionally lose the ability to drink
                  | potions when taking damage. [hidden defects]
  1146 | D:2      | Lost mutation: You have hidden genetic defects. [hidden
                  | defects expressed]
  1192 | D:2      | Noticed Jessica
  1209 | D:2      | Killed Jessica
  1210 | D:2      | Reached skill level 3 in Unarmed Combat
  1210 | D:2      | Gained mutation: You are partially covered in razor-sharp
                  | scales. (AC +1, Slay +1) [demonic ancestry]
  1210 | D:2      | Reached XP level 4. HP: 34/34 MP: 4/4
  1317 | D:2      | Noticed Sigmund
  1327 | D:2      | Killed Sigmund
  1328 | D:2      | Reached skill level 4 in Unarmed Combat
  1328 | D:2      | Gained mutation: Spells you cast may paralyse adjacent
                  | enemies. [demonic ancestry]
  1328 | D:2      | Reached XP level 5. HP: 28/40 MP: 5/5
  1951 | D:3      | Noticed Grinder
  1955 | D:3      | Paralysed by Grinder for 2 turns
  1961 | D:3      | Paralysed by Grinder for 5 turns
  1971 | D:3      | Paralysed by Grinder for 4 turns
  1982 | D:3      | Killed Grinder
  1983 | D:3      | Reached XP level 6. HP: 9/47 MP: 6/6
  2219 | D:3      | Noticed Ijyb
  2228 | D:3      | Killed Ijyb
  2229 | D:3      | Reached skill level 5 in Unarmed Combat
  2554 | D:3      | Found a shimmering blue altar of Sif Muna.
  2802 | D:4      | Gained mutation: You may rarely emit foul miasma when
                  | damaged in melee. [demonic ancestry]
  2802 | D:4      | Reached XP level 7. HP: 6/52 MP: 7/7
  3207 | D:4      | Found Tutaczul's Jewellery Boutique.
  3924 | D:5      | Entered Level 5 of the Dungeon
  4185 | D:5      | Reached skill level 6 in Unarmed Combat
  4343 | D:5      | Identified the +0 leather armour of Lesser Demons {Harm
                  | rElec rF+}
  4409 | D:5      | Gained mutation: Spells you cast may paralyse nearby
                  | enemies. [demonic ancestry]
  4409 | D:5      | Reached XP level 8. HP: 60/60 MP: 8/8
  4636 | D:5      | Found a hazy altar of Hepliaklqana.
  4893 | D:6      | Found Vattuuz's Antique Weapon Shop.
  5086 | D:6      | Found Tupekolo's Assorted Antiques.
  5110 | D:6      | Bought a pair of embroidered gloves for 172 gold pieces
  5118 | D:6      | Found Jukk's General Store.
  5165 | D:6      | Reached skill level 7 in Unarmed Combat
  5948 | D:7      | Found Kaacw's CLEARANCE SALE!.
  6349 | D:7      | Found a staircase to the Ecumenical Temple.
  6487 | D:7      | Found an ancient bone altar of Kikubaaqudgha.
  6488 | D:7      | Found an ornate altar of the Wu Jian Council.
  6495 | D:7      | Reached skill level 8 in Unarmed Combat
  6682 | D:7      | Reached XP level 9. HP: 55/66 MP: 9/9
  7074 | Temple   | Entered the Ecumenical Temple
  7192 | Temple   | Became a worshipper of Qazlal Stormbringer
  7596 | D:8      | Found Caninim's Weapon Shoppe.
  7707 | D:8      | Reached skill level 5 in Fighting
  7707 | D:8      | Reached skill level 9 in Unarmed Combat
  7842 | D:8      | Reached skill level 5 in Dodging
  8215 | D:9      | Reached * piety under Qazlal
  8308 | D:9      | Noticed a troll
  8338 | D:9      | Killed a troll
  8339 | D:9      | Reached skill level 5 in Shapeshifting
  8535 | D:9      | Reached XP level 10. HP: 16/74 MP: 10/10
  8785 | D:9      | Noticed a red ugly thing
  8795 | D:9      | Mangled by a red ugly thing

Illustrated notes

Levels and vault maps discovered:
D:1:      minmay_arrival_radiant_lines, layout_basic, minmay_lizard_king
D:2:      layout_basic, nicolae_ecumenical_lake_church, lightli_corner_chamber,
          uniq_sigmund, uniq_jessica
D:3:      layout_loops_ring, led_sif_pool, uniq_ijyb, uniq_grinder
D:4:      cheibrodos_fertilizer, layout_basic, lemuel_coloured_pillars_altar,
          serial_shops, nicolae_shop_rolling_square
D:5:      layout_basic, worldfamousw_hep_ancestral_shrine
D:6:      layout_basic, elyvilon_altar_3, serial_shops, shop, shop,
          nicolae_shop_stone
D:7:      layout_cave_pods, gammafunk_temple_overflow_pools,
          minmay_temple_entry_antechambers, nicolae_shop_clearance
D:8:      layout_basic, serial_shops, shop
D:9:      minmay_the_grid_square_5x5_4x4 [minmay_the_grid_square_5x5_six_small,
          minmay_the_grid_square_5x5_eight_small,
          minmay_the_grid_square_5x5_gyroscope, minmay_the_grid_square_5x5_bite,
          minmay_the_grid_square_5x5_v,
          minmay_the_grid_square_5x5_prize_deathbox,
          minmay_the_grid_square_5x5_prize_itemx,
          minmay_the_grid_square_5x5_inverted_slash,
          minmay_the_grid_square_5x5_inner_i,
          minmay_the_grid_square_5x5_prize_pseudospiral,
          minmay_the_grid_square_5x5_prize_waves,
          minmay_the_grid_square_5x5_forky, minmay_the_grid_square_5x5_six,
          minmay_the_grid_square_5x5_tie, minmay_the_grid_square_5x5_empty,
          minmay_the_grid_square_5x5_comb], layout_stronghold
Temple:   nicolae_temple_slightly_damp_pantheon

Skill      XL: |  1  2  3  4  5  6  7  8  9 |
---------------+----------------------------+-----
Unarmed Combat | 2 3 4 5 6 8 9 |  9.9
Dodging        | 2 3 4 5 |  5.8
Shapeshifting  | 3 4 5 |  5.6
Fighting       | 3 4 5 |  5.6

Action                     |  1- 3 |  4- 6 |  7- 9 | 10-12 || total
---------------------------+-------+-------+-------+-------++-------
  Melee: Unarmed           |   106 |    52 |   256 |    27 ||   441
         Touch             |     8 |     8 |    37 |       ||    53
         Punch             |     1 |       |    16 |       ||    17
         Constrict         |       |       |    12 |     8 ||    20
    Use: Scroll            |     5 |     1 |     6 |       ||    12
         Potion            |     3 |     2 |       |       ||     5
   Stab: Sleeping          |     3 |     1 |     1 |       ||     5
 Armour: Animal skin       |    18 |     8 |    14 |       ||    40
         Leather armour    |       |       |    16 |       ||    16
         Skin              |       |       |    15 |     7 ||    22
  Dodge: Dodged            |    52 |    28 |   141 |     9 ||   230
   Form: Anaconda          |       |       |     1 |       ||     1

Table legend: (Time is in decaauts)
 A = Elapsed time spent in this place.
 B = Non-inter-level travel time spent in this place.
 C = Inter-level travel time spent in this place.
 D = Time resting spent in this place.
 E = Time spent auto-exploring this place.
 F = Levels seen in this place.
 G = Mean time per level.
                   A        B        C        D        E       F      G
               +--------+--------+--------+--------+--------+-----+--------+
         Total |   8751 |   8259 |    492 |   1035 |   5794 |  10 |  875.1 |
       Dungeon |   8513 |   8055 |    458 |   1035 |   5619 |   9 |  945.9 |
        Temple |    237 |    203 |     34 |      0 |    175 |   1 |  237.0 |
               +--------+--------+--------+--------+--------+-----+--------+

Top non-repeatable levels by time:
     D:7: 1384 daAuts
     D:4: 1206 daAuts
     D:6: 1078 daAuts
     D:2: 1033 daAuts
     D:1: 895 daAuts
     D:5: 837 daAuts
     D:3: 778 daAuts
     D:9: 652 daAuts
     D:8: 646 daAuts
  Temple: 237 daAuts
